 Dungeon Crawl Stone Soup version 0.30.1 (webtiles) character file.

Game seed: 6574873964987294551

98 Fodor the Trooper (level 4, -1/41 HPs)
             Began as a Minotaur Fighter on July 8, 2023.
             Slain by an orc wizard
             ... wielding a +0 dagger
              (3 damage)
             ... on level 3 of the Dungeon.
             The game lasted 00:08:18 (1842 turns).

Fodor the Trooper (Minotaur Fighter)                Turns: 1842, Time: 00:08:19

Health: -1/41      AC:  8    Str: 29    XL:     4   Next: 44%
Magic:  0/3        EV: 10    Int:  5    God:
Gold:   74         SH:  4    Dex:  9    Spells: 3/3 levels left

rFire   . . .        a - +0 long sword
rCold   . . .        c - +0 buckler
rNeg    . . .        b - +0 scale mail
rPois   .            (helmet restricted)
rElec   .            (no cloak)
rCorr   .            h - +0 pair of gloves
SInv    .            (no boots)
Will    .....        j - amulet of guardian spirit Stlth
                     q - +6 ring of strength
HPRegen 0.26/turn    (no ring)
MPRegen 0.08/turn

%: guardian spirit
@: mighty
A: horns 2, retaliatory headbutt
a: no special abilities


You were on level 3 of the Dungeon.
You visited 1 branch of the dungeon, and saw 3 of its levels.

You collected 74 gold pieces.

Inventory:

Hand Weapons
 a - a +0 long sword (weapon)
Missiles
 l - 6 datura-tipped darts (quivered)
Armour
 b - a +0 scale mail (worn)
 c - a +0 buckler (worn)
 h - a +0 pair of gloves (worn)
Jewellery
 j - an amulet of guardian spirit (around neck)
 q - a +6 ring of strength (left hand)
Scrolls
 i - a scroll of fear {unknown}
 n - 3 scrolls of identify {unknown}
 o - a scroll of acquirement {unknown}
 r - a scroll of torment {unknown}
Potions
 d - a potion of might
 e - 2 potions of curing {unknown}
 f - a potion of degeneration {unknown}
 k - a potion of brilliance {unknown}
 m - a potion of invisibility {unknown}
 p - a potion of haste {unknown}


   Skills:
 + Level 4.4 Fighting
 + Level 3.7 Long Blades
 + Level 4.2 Armour
 + Level 1.2 Dodging
 + Level 4.2 Shields


You had 3 spell levels left.
You didn't know any spells.
Your spell library contained the following spells:

 Spells                   Type           Power      Damage    Failure   Level
 Foxfire                  Conj/Fire      0%         2x1d4     78%         1
 Fireball                 Conj/Fire      0%         3d3       100%        5
 Plasma Beam              Fire/Air       0%         2x1d11    100%        6
 Starburst                Conj/Fire      0%         6d3       100%        6


Dungeon Overview and Level Annotations

Branches:
Dungeon (3/15)

Altars:


Innate Abilities, Weirdness & Mutations

You have a pair of horns on your head.
You reflexively headbutt those who attack you in melee.


Message History

You're too confused to move!
The orc hits you but does no damage. Something hits you. Something hits you.
The orc completely misses you.
You bump into the rock wall.
The orc hits you with a +0 hand axe. Something hits you.
You feel less confused. Something hits you.
You closely miss something. Your headbutt misses something.
The orc hits you but does no damage. Something hits you.
You block the adder's attack.
You closely miss something. Your headbutt misses something.
The orc barely misses you. Something hits you but does no damage.
You block the adder's attack.
You hit something. The orc hits you but does no damage.
Something hits you but does no damage. You block the adder's attack.
The adder closely misses you. You furiously retaliate!
You headbutt the adder. The orc closely misses you. You furiously retaliate!
You headbutt the orc. Something hits you but does no damage.
You slash something! Your headbutt misses something.
The adder barely misses you. The orc hits you but does no damage.
Something hits you.
You miss something. The adder bites you but does no damage.
The orc hits you with a +0 hand axe.
* * * LOW HITPOINT WARNING * * *
You hear some strange, mumbled words.
A puff of flame appears from out of thin air!
The puff of flame hits you!
* * * LOW HITPOINT WARNING * * *
The adder bites you but does no damage.
Okay, then.
You feel very mighty all of a sudden. The adder closely misses you.
You furiously retaliate!
You headbutt the adder!!
You kill the adder!
You block the orc's attack. Something hits you but does no damage.
As you read the scroll labelled NIVITA JIELE, it crumbles to dust.
You hear a loud clanging noise!
It was a scroll of noise.
You hear an angry hiss.
You hear a shout! x2
The orc hits you but does no damage. Something hits you.
You die...

#.###....<.†..#
#.........†...#
#.#####.......#
#.# #......## #.#
#........ #.#
#.........
#.#####.###.#####
#............
####@#######...
#..†{o..#
#.##.##.# # #)# #
#)# #.# ... ...
#....


You could see an orc.

Vanquished Creatures
  An orc wizard (D:3)
  3 adders
  A worm (D:2)
  A dart slug (D:1)
  An orc (D:3)
  3 endoplasms
  3 giant cockroaches (D:1)
  3 goblins (D:1)
  7 hobgoblins
  3 kobolds
  7 quokkas
  3 ball pythons (D:2)
  6 bats
  2 frilled lizards
  4 rats
48 creatures vanquished.

Notes
Turn   | Place    | Note
-------+----------+-------------------------------------------
     0 | D:1      | Fodor the Minotaur Fighter began the quest for the Orb.
     0 | D:1      | Reached XP level 1. HP: 19/19 MP: 0/0
   215 | D:1      | Reached XP level 2. HP: 27/27 MP: 1/1
   726 | D:1      | Reached XP level 3. HP: 33/33 MP: 2/2
  1645 | D:2      | Reached XP level 4. HP: 34/41 MP: 3/3
  1823 | D:3      | Reached skill level 1 in Dodging
  1840 | D:3      | HP: 1/41 [something/puff of flame (7)]
  1842 | D:3      | Slain by an orc wizard

Illustrated notes

Levels and vault maps discovered:
D:1:      dpeg_arrival_erosion, layout_basic
D:2:      minmay_spotlight, layout_basic
D:3:      layout_loops_cross, makhleb_altar_promises_db, uniq_natasha,
          uniq_grinder

Skill      XL: |  1  2  3  4 |
---------------+-------------+-----
Armour         | 4 |  4.2
Shields        | 4 |  4.2
Fighting       | 4 |  4.4
Long Blades    | 3 |  3.7
Dodging        | 1 |  1.2

Action                     |  1- 3 |  4- 6 || total
---------------------------+-------+-------++-------
  Melee: Long sword        |    69 |    25 ||    94
         Headbutt          |    13 |     2 ||    15
    Use: Scroll            |       |     1 ||     1
         Potion            |       |     1 ||     1
 Armour: Scale mail        |    31 |    24 ||    55
  Dodge: Dodged            |    36 |    12 ||    48
  Block: Buckler           |    16 |     6 ||    22
